 Dungeon Crawl Stone Soup version 0.18.1-50-g88ac8fd (webtiles) character file.

129 Peloso the Shield-Bearer (level 4, 0/41 HPs)
             Began as a Minotaur Fighter on Sept 24, 2016.
             Succumbed to an orc wizard's poison
             ... on level 3 of the Dungeon.
             The game lasted 00:04:05 (2206 turns).

Peloso the Shield-Bearer (Minotaur Fighter)         Turns: 2206, Time: 00:04:06

Health: 0/41       AC:  7    Str: 20    XL:     4   Next: 88%
Magic:  3/3        EV: 13    Int: 10    God:
Gold:   136        SH: 10    Dex: 16    Spells: 0 memorised, 3 levels left

rFire  . . .     SeeInvis .     a - +1 long sword
rCold  . . .     Gourm    .     b - +0 scale mail
rNeg   . . .     Faith    .     c - +0 shield
rPois  .         Spirit   .     (helmet restricted)
rElec  .         Dismiss  .     (no cloak)
rCorr  .         Reflect  .     (no gloves)
SustAt .         Harm     .     (no boots)
MR     .....                    h - amulet of magic regeneration
Stlth  +.........               (no ring)
                                n - ring of flight

@: brilliant, agile, lethally poisoned (0 -> -14), not resistant to hostile
enchantments, very unstealthy
A: retaliatory headbutt, horns 2
a: Evoke Flight


You were on level 3 of the Dungeon.
You were hungry.

You visited 1 branch of the dungeon, and saw 3 of its levels.

You collected 136 gold pieces.

Inventory:

Hand Weapons
 a - a +1 long sword (weapon)
 e - a +4 whip
Armour
 b - a +0 scale mail (worn)
 c - a +0 shield (worn)
Jewellery
 h - an amulet of magic regeneration (around neck)
 n - a ring of flight (left hand)
 p - a +2 ring of intelligence {unknown}
Scrolls
 j - a scroll of identify
Potions
 d - a potion of might
Comestibles
 f - 2 bread rations
 g - a meat ration
 l - a fruit
 m - 2 slices of pizza


   Skills:
 + Level 4.4 Fighting
 + Level 3.2 Long Blades
 + Level 4.1 Armour
 + Level 2.0 Dodging
 + Level 4.8 Shields


You had 3 spell levels left.
You didn't know any spells.

Dungeon Overview and Level Annotations

Branches:
Dungeon (3/15)

Altars:


Innate Abilities, Weirdness & Mutations

You reflexively headbutt those who attack you in melee.
You have a pair of horns on your head.


Message History

You headbutt the orc. You hit the orc. You headbutt the orc.
You kill the orc!
* * * LOW HITPOINT WARNING * * *
You feel sick. The orc hits you but does no damage.
Unknown command.
You slash the orc!
You kill the orc!
Your Dodging skill increases to level 2!
You are feeling hungry.
* * * LOW HITPOINT WARNING * * *
You feel sick.
The orc wizard casts a spell.
The orc wizard seems to speed up.
You aren't carrying any items that you can evoke.
Read which item? (? for menu, Esc to quit)
As you read the scroll labeled KAECLIM GIPPO, it crumbles to dust.
You assume a fearsome visage.
The orc wizard looks frightened!
It was a scroll of fear.
You die...

# ##..o###. #.###.......
.. ..........##.#
#............# #.#.(..#
### #.#.)##.# #.. #..#o##
###.# ###.##.)###.##.#.#
##....##.##@# #.#.#
##......)..)####.#.##
#.......†...........#
#........[.o####.#..##
#.<...........##.#...#
##.....######....##..###.#
##......#....##.......>.#
##.###.#.#####.##..#####
#.# #.#.# #.##..#


You could see an orc wizard (fleeing).

Vanquished Creatures
  3 adders
  An ooze (D:2)
  2 worms (D:2)
  A dart slug (D:1)
  A giant gecko (D:3)
  7 orcs
  11 bats
  5 giant cockroaches (D:2)
  11 goblins
  9 hobgoblins
  4 jackals (D:3)
  4 kobolds
  A quokka (D:2)
  7 giant newts
  9 rats
76 creatures vanquished.

Notes
Turn   | Place    | Note
--------------------------------------------------------------
     0 | D:1      | Peloso the Minotaur Fighter began the quest for the Orb.
     0 | D:1      | Reached XP level 1. HP: 19/19 MP: 0/0
   105 | D:1      | Reached XP level 2. HP: 27/27 MP: 1/1
   414 | D:1      | Reached XP level 3. HP: 26/33 MP: 2/2
   861 | D:2      | Found a faded altar to an unknown god.
   874 | D:2      | Reached skill level 1 in Dodging
  1330 | D:2      | Reached XP level 4. HP: 39/41 MP: 3/3
  2205 | D:3      | HP: 1/41 [poisoned by an orc wizard]
  2206 | D:3      | Succumbed to an orc wizard's poison

Skill      XL: |  1  2  3  4 |
---------------+-------------+-----
Fighting       | 4 |  4.4
Shields        | 4 |  4.8
Dodging        | 1 2 |  2.0
Armour         | 4 |  4.1
Long Blades    | 3 |  3.2

Action                   |  1- 3 |  4- 6 || total
-------------------------+-------+-------++-------
Melee: Long sword        |   102 |    97 ||   199
       Headbutt          |    10 |    11 ||    21
  Use: Scroll            |       |     4 ||     4
       Potion            |       |     2 ||     2
  Eat: Chunk             |     1 |     3 ||     4
Armor: Scale mail        |    53 |    52 ||   105
Dodge: Dodged            |    36 |    42 ||    78
Block: Shield            |    69 |    71 ||   140
